AoeStats
← Look There ->

Arabia

510547895Analyzed
1v1 RM · 2d ago on Oct 1, 2026· 50m 56s· 2 players
Game mode
Random Map
Map size
Tiny (2 player)
Population
200
Speed
Normal
Resources
Standard
Victory
Conquest
Starting age
Dark Age
Ending age
Imperial Age
RankedLock teamsTeams togetherTeam positionsShared explorationLock speedFull tech treeHidden civsTurbo modeCheats
Victory
Defeat
🇹🇼 Vikings · Taiwan
1599
+17
🇮🇳 Goths · India
1628
-17
HanShiba
6:10 Loom
6:33 Loom
9:11 Feudal Age
9:50 Double-Bit Axe
16:29 Fletching
22:13 Castle Age
21:09 Padded Archer Armor
22:48 Bodkin Arrow
22:15 Crossbowman
24:42 Bow Saw
25:32 Leather Archer Armor
27:47 Ballistics
32:55 Town Watch
37:02 Imperial Age
35:30 Scale Mail Armor
37:56 Bracer
37:25 Arbalester
39:19 Chemistry
40:10 Chain Mail Armor
40:05 Forging
39:57 Squires
42:31 Capped Ram
43:14 Capped Ram
43:21 Man-at-Arms
44:30 Long Swordsman
45:13 Two-Handed Swordsman
45:48 Arson
46:34 Plate Mail Armor
46:40 Iron Casting
46:11 Champion
50:03 Blast Furnace
Look There ->
7:41 Loom
10:21 Feudal Age
10:27 Man-at-Arms
12:09 Double-Bit Axe
12:14 Town Watch
15:00 Fletching
15:12 Fletching
18:12 Wheelbarrow
21:15 Castle Age
19:34 Padded Archer Armor
21:21 Horse Collar
21:20 Crossbowman
22:02 Bodkin Arrow
23:04 Bow Saw
24:11 Leather Archer Armor
32:46 Scale Mail Armor
32:56 Forging
36:17 Imperial Age
35:36 Anarchy
35:42 Squires
37:00 Chain Mail Armor
37:21 Iron Casting
38:29 Iron Casting
42:07 Long Swordsman
43:49 Two-Handed Swordsman
48:08 Champion
Connection lost

Rejoining the realm…

Still unreachable

The connection could not be restored.

Session expired

The server has moved on; the page needs a fresh start.